 Dungeon Crawl Stone Soup version 0.27-a0-1137-g3ef0f4ec91 (webtiles) character file.

Game seed: 2691979956816750922

100 siradein the Slasher (level 4, -1/37 HPs)
             Began as a Minotaur Gladiator on May 7, 2021.
             Slain by a gnoll
             ... wielding a +0 whip
              (7 damage)
             ... on level 4 of the Dungeon.
             The game lasted 00:05:32 (1512 turns).

siradein the Slasher (Minotaur Gladiator)           Turns: 1512, Time: 00:05:33

Health: -1/37      AC:  3    Str: 20    XL:     4   Next: 47%
Magic:  3/3        EV: 12    Int:  5    God:
Gold:   56         SH:  0    Dex: 11    Spells: 3/3 levels left

rFire    . . .     SeeInvis .   a - +0 long sword
rCold    . . .     Faith    .   (no shield)
rNeg     . . .     Spirit   .   b - +0 leather armour
rPois    .         Reflect  .   (helmet restricted)
rElec    .         Harm     .   (no cloak)
rCorr    .         Rampage  .   (no gloves)
Will     .....                  (no boots)
Stlth    +.........             (no amulet)
HPRegen  0.12/turn              (no ring)
MPRegen  0.08/turn              (no ring)

@: no status effects
A: horns 2, retaliatory headbutt
a: no special abilities


You were on level 4 of the Dungeon.
You visited 1 branch of the dungeon, and saw 4 of its levels.

You collected 56 gold pieces.

Inventory:

Hand Weapons
 a - a +0 long sword (weapon)
Missiles
 d - 3 throwing nets (quivered)
Armour
 b - a +0 leather armour (worn)
Scrolls
 c - a scroll of silence {unknown}
 f - a scroll of immolation {unknown}
 i - 2 scrolls of identify {unknown}
 j - 2 scrolls of teleportation {unknown}
 l - a scroll of fear {unknown}
Potions
 e - a potion of invisibility {unknown}
 g - 3 potions of flight {unknown}
 h - 2 potions of attraction {unknown}
 k - a potion of degeneration {unknown}


   Skills:
 - Level 2.4 Fighting
 + Level 6.4 Long Blades
 - Level 2.0 Throwing
 - Level 3.2 Dodging


You had 3 spell levels left.
You didn't know any spells.
Your spell library was empty.

Dungeon Overview and Level Annotations

Branches:
Dungeon (4/15)
 Temple: D:4-7

Altars:


Innate Abilities, Weirdness & Mutations

You have a pair of horns on your head.
You reflexively headbutt those who attack you in melee.


Message History

You see here a throwing net.
You climb downwards.
There is a stone staircase leading up here.
You start resting.
HP restored.
You climb upwards.
The gnoll hits you with a +0 whip!
There is a stone staircase leading down, spattered with blood here.
You see here a throwing net.
The gnoll hits you with a +0 whip.
You climb downwards.
There is a stone staircase leading up here.
You hit the gnoll but do no damage. The gnoll hits you with a +0 whip.
You hit the gnoll. You headbutt the gnoll.
The gnoll is lightly wounded.
The gnoll barely misses you.
You barely miss the gnoll.
The gnoll is lightly wounded.
The gnoll hits you with a +0 whip. The gnoll closely misses you.
You furiously retaliate!
You headbutt the gnoll.
You are too injured to fight recklessly!
You are too injured to fight recklessly!
You are too injured to fight recklessly!
You hit the gnoll but do no damage.
The gnoll is heavily wounded.
The gnoll barely misses you.
You closely miss the gnoll. Your headbutt misses the gnoll.
The gnoll is heavily wounded.
The gnoll barely misses you.
You closely miss the gnoll. Your headbutt misses the gnoll.
The gnoll is heavily wounded.
The gnoll hits you with a +0 whip.
* * * LOW HITPOINT WARNING * * *
You closely miss the gnoll.
The gnoll is heavily wounded.
The gnoll hits you with a +0 whip.
* * * LOW HITPOINT WARNING * * *
You closely miss the gnoll.
The gnoll is heavily wounded.
The gnoll hits you with a +0 whip!
You die...

... .... . #..
..##..##########
.....$.#..#....##
................#
.............# #........#
##### #..@.###.### ##...#
...##.###g###....###....#
...... ######....#....###
.##.....####..##...........#
#.........#......#..........
........<.........#...#......
..............##......#......
..........>...###..........#.
.............[..###.....#..###


You could see a gnoll.

Vanquished Creatures
  An orc priest (D:4)
  A gnoll (D:3)
  An adder (D:2)
  An adder skeleton (D:4)
  2 dart slugs (D:1)
  2 orcs (D:4)
  4 ball pythons
  3 bats (D:1)
  3 endoplasms
  2 goblins
  4 hobgoblins
  10 jackals
  3 frilled lizards (D:1)
  3 rats
40 creatures vanquished.

Notes
Turn   | Place    | Note
-------+----------+-------------------------------------------
     0 | D:1      | siradein the Minotaur Gladiator began the quest for the
                  | Orb.
     0 | D:1      | Reached XP level 1. HP: 18/18 MP: 0/0
    36 | D:1      | Reached skill level 4 in Long Blades
   138 | D:1      | Reached XP level 2. HP: 14/25 MP: 1/1
   604 | D:1      | Found a faded altar of an unknown god.
   736 | D:1      | Reached skill level 5 in Long Blades
   869 | D:2      | Reached XP level 3. HP: 30/30 MP: 2/2
  1075 | D:2      | You fall into a shaft and drop 2 floors!
  1082 | D:4      | Reached skill level 6 in Long Blades
  1082 | D:4      | Reached XP level 4. HP: 26/37 MP: 3/3
  1512 | D:4      | Slain by a gnoll

Illustrated notes

Levels and vault maps discovered:
D:1:      dpeg_arrival_fog, layout_basic, ebering_ecumenical_altar_sacrificial
D:2:      layout_loops_ring, uniq_terence
D:3:      layout_basic, hangedman_decor_growths, hangedman_glass_teeth,
          uniq_sigmund, uniq_ijyb
D:4:      layout_cave_pools, serial_bayou_pond_c, serial_park_tiny_1

Skill      XL: |  1  2  3 |
---------------+----------+-----
Long Blades    | 4 5 6 |  6.4
Fighting       | |  2.4
Throwing       | |  2.0
Dodging        | |  3.2

Action                   |  1- 3 |  4- 6 || total
-------------------------+-------+-------++-------
Melee: Long sword        |    42 |    23 ||    65
       Headbutt          |     6 |     4 ||    10
Armor: Leather armour    |    19 |     6 ||    25
Dodge: Dodged            |    31 |    19 ||    50
       Rpst.: Long sword |    12 |     2 ||    14

Table legend: (Time is in decaauts)
 A = Elapsed time spent in this place.
 B = Non-inter-level travel time spent in this place.
 C = Inter-level travel time spent in this place.
 D = Time resting spent in this place.
 E = Time spent auto-exploring this place.
 F = Levels seen in this place.
 G = Mean time per level.
                   A        B        C        D        E       F      G
               +--------+--------+--------+--------+--------+-----+--------+
         Total |   1521 |   1476 |     45 |    192 |   1097 |   4 |  380.2 |
       Dungeon |   1521 |   1476 |     45 |    192 |   1097 |   4 |  380.2 |
               +--------+--------+--------+--------+--------+-----+--------+

Top non-repeatable levels by time:
     D:1: 870 daAuts
     D:4: 414 daAuts
     D:2: 210 daAuts
     D:3: 25 daAuts
